 Dungeon Crawl Stone Soup version 0.26-a0-466-g989023bd0d (webtiles) character file.

Game seed: 5406999888348590449

717 gimchi the Stinger (level 7, -3/43 HPs)
             Began as an Octopode Venom Mage on Aug 11, 2020.
             Was an Initiate of Cheibriados.
             Slain by Prince Ribbit (17 damage)
             ... on level 5 of the Dungeon.
             The game lasted 00:13:28 (5941 turns).

gimchi the Stinger (Octopode Venom Mage)            Turns: 5941, Time: 00:13:28

Health: -3/43      AC:  1    Str: 10    XL:     7   Next: 70%
Magic:  12/12      EV: 14    Int: 31    God:    Cheibriados [......]
Gold:   205        SH:  0    Dex: 13    Spells: 0/13 levels left

rFire    . . .     SeeInvis .   A - +4 war axe (freeze)
rCold    . . .     Faith    .   (no shield)
rNeg     . . .     Spirit   .   (helmet restricted)
rPois    .         Reflect  .   r - amulet of inaccuracy (curse)
rElec    .         Harm     .   o - +6 ring of intelligence
rCorr    .                      i - +6 ring of intelligence
MR       .....                  p - ring of wizardry
Stlth    +++.......             (no ring)
HPRegen  0.14/turn              (no ring)
MPRegen  0.13/turn              (no ring)
                                (no ring)
                                (no ring)

@: very slow
A: almost no armour, stealthy swim, amphibious, 8 rings, constrict 8, camouflage
1, gelatinous body 1
a: Bend Time, Renounce Religion


You were on level 5 of the Dungeon.
You worshipped Cheibriados.
Cheibriados was noncommittal.
You visited 1 branch of the dungeon, and saw 5 of its levels.

You collected 205 gold pieces.

Inventory:

Hand Weapons
 c - a +1 dagger of speed
 A - a +4 war axe of freezing (weapon)
Missiles
 a - a curare-tipped dart (quivered)
 w - 17 poisoned darts
Jewellery
 h - an uncursed ring of fire
 i - a +6 ring of intelligence (right tentacle)
 j - an uncursed amulet of faith
 o - a +6 ring of intelligence (left tentacle)
 p - a ring of wizardry (on tentacle)
 r - a cursed amulet of inaccuracy (around mantle)
 t - an uncursed amulet of guardian spirit {unknown}
 y - a +6 ring of intelligence
Wands
 q - a wand of polymorph (8)
 x - a wand of acid (5)
Scrolls
 b - 2 scrolls of teleportation {unknown}
 d - 3 scrolls of magic mapping {unknown}
 e - a scroll of amnesia {unknown}
 g - 2 scrolls of remove curse {unknown}
 k - a scroll of enchant weapon {unknown}
 l - 4 scrolls of identify {unknown}
 n - 2 scrolls of enchant armour {unknown}
 s - a scroll of fear {unknown}
 u - a scroll of immolation {unknown}
Potions
 f - 6 potions of curing
 m - a potion of flight {unknown}
 v - a potion of brilliance {unknown}
 z - a potion of stabbing {unknown}


   Skills:
 + Level 1.5 Fighting
 - Level 2.8 Short Blades
 + Level 1.0 Axes
 + Level 0.4 Throwing
 + Level 3.0 Dodging
 - Level 3.0 Stealth
 + Level 3.8 Spellcasting
 + Level 1.3 Transmutations
 - Level 4.0 Air Magic
 + Level 5.5 Poison Magic


You couldn't memorise any spells.
You knew the following spells:

 Your Spells              Type           Power        Failure   Level
a - Sting                 Tmut/Pois      ####         1%          1
b - Poisonous Vapours     Pois/Air       #####.       1%          2
c - Mephitic Cloud        Conj/Pois/Air  ####....     1%          3
d - Olgreb's Toxic Radia  Pois           #####...     2%          4
e - Confusing Touch       Hex            #.......     8%          3

Your spell library contained the following spells:

 Spells                   Type           Power        Failure   Level
 Ignite Poison            Fire/Tmut/Pois ###.....     3%          3
 Gell's Gravitas          Tloc           #.........   8%          3
 Petrify                  Tmut/Erth      ##......     19%         4
 Yara's Violent Unravell  Hex/Tmut       ##........   45%         5
 Metabolic Englaciation   Hex/Ice        #.........   52%         5


Dungeon Overview and Level Annotations

Branches:
Dungeon (5/15)
 Temple: D:4-7

Altars:
Cheibriados
Gozag
Sif Muna
Trog
Vehumet

Shops:
D:4 }

Annotations:
D:2 exclusion: downstairs
D:3 exclusion: downstairs
D:5 Prince Ribbit


Innate Abilities, Weirdness & Mutations

You cannot wear most types of armour.
You are very stealthy in the water. (Stealth+)
You are amphibious.
You can wear up to eight rings at the same time.
You can use your tentacles to constrict eight enemies at once.
Your skin changes colour to match your surroundings (Stealth+).
Your rubbery body absorbs attacks. (AC +1, EV +1)


Message History

You hit Prince Ribbit.
Prince Ribbit seems to slow down.
You freeze Prince Ribbit. Your grab misses Prince Ribbit.
Your squeeze misses Prince Ribbit.
Prince Ribbit is moderately wounded.
Prince Ribbit hits you!
You are too injured to fight recklessly!
Unknown command.
You are too injured to fight recklessly!
Unknown command.
You barely miss Prince Ribbit. Your grab misses Prince Ribbit.
Prince Ribbit is moderately wounded.
Prince Ribbit barely misses you. Prince Ribbit hits you!
* * * LOW HITPOINT WARNING * * *
Unknown command.
It was a potion of curing.
You feel better.
You miss Prince Ribbit. Your grab misses Prince Ribbit.
Your squeeze misses Prince Ribbit.
Prince Ribbit is heavily wounded.
Prince Ribbit hits you. Prince Ribbit hits you!
You die...

#.#
#.###†.......
#.# #.#######
#.. #.# #
#.#### . #.
#....##
...#.###..#..#
.............#
.#..#...#...#
# ##@###..#
#F(.# ..#
..._....##
#..#...#..#
#(###.###.# #.
... .# # ... #
...


You could see Prince Ribbit (very poisoned, slow).

Vanquished Creatures
  An ogre (D:4)
  Blork the orc (D:4)
  2 scorpions
  A hound (D:4)
  An orc priest (D:4)
  A centaur skeleton (D:5)
  Ijyb (D:4)
  An iguana (D:4)
  Natasha (thrice) (D:3)
  A worker ant (D:4)
  5 adders
  5 river rats (D:3)
  A white imp (D:4)
  An ooze (D:1)
  5 worms (D:3)
  2 dart slugs
  3 leopard geckos
  6 orcs
  10 giant cockroaches
  10 goblins
  9 hobgoblins
  13 jackals
  A quokka (D:3)
  9 bats
  6 frilled lizards
  A giant cockroach zombie (D:4)
  14 kobolds
  2 leopard gecko skeletons (D:4)
  13 rats
129 creatures vanquished.

Vanquished Creatures (others)
  An orc (D:4)
1 creature vanquished.

Grand Total: 130 creatures vanquished

Notes
Turn   | Place    | Note
-------+----------+-------------------------------------------
     0 | D:1      | gimchi the Octopode Venom Mage began the quest for the Orb.
     0 | D:1      | Reached XP level 1. HP: 11/11 MP: 3/3
     3 | D:1      | Noticed an electric eel
     3 | D:1      | Noticed an electric eel
   116 | D:1      | Reached XP level 2. HP: 14/17 MP: 3/5
   204 | D:1      | Reached skill level 4 in Poison Magic
   688 | D:1      | Learned a level 2 spell: Poisonous Vapours
   704 | D:1      | Reached XP level 3. HP: 21/21 MP: 6/6
  1417 | D:2      | Reached XP level 4. HP: 19/27 MP: 6/8
  1476 | D:2      | Reached skill level 1 in Short Blades
  2095 | D:3      | Noticed Natasha
  2097 | D:3      | Killed Natasha
  2097 | D:3      | Reached skill level 1 in Air Magic
  2199 | D:3      | Noticed Natasha
  2205 | D:3      | Killed Natasha
  2205 | D:3      | Reached XP level 5. HP: 24/32 MP: 2/9
  2332 | D:3      | Learned a level 3 spell: Mephitic Cloud
  2570 | D:3      | Noticed Natasha
  2574 | D:3      | Killed Natasha
  2910 | D:3      | Reached XP level 6. HP: 11/37 MP: 1/10
  2992 | D:3      | Reached skill level 1 in Fighting
  3372 | D:3      | Found a bloodstained altar of Trog.
  3519 | D:4      | Noticed Ijyb
  3583 | D:4      | Reached skill level 5 in Poison Magic
  3885 | D:4      | Killed Ijyb
  3897 | D:4      | Reached XP level 7. HP: 39/43 MP: 2/12
  4501 | D:4      | Found Ickeyruwk's Gadget Shop.
  4744 | D:4      | Found a snail-covered altar of Cheibriados.
  4744 | D:4      | Found an opulent altar of Gozag.
  4893 | D:4      | Noticed Blork the orc
  4903 | D:4      | Killed Blork the orc
  5070 | D:4      | Learned a level 4 spell: Olgreb's Toxic Radiance
  5074 | D:4      | Learned a level 3 spell: Confusing Touch
  5074 | D:4      | Found a shimmering blue altar of Sif Muna.
  5332 | D:4      | Became a worshipper of Cheibriados the Contemplative
  5373 | D:5      | Entered Level 5 of the Dungeon
  5900 | D:5      | Reached skill level 1 in Axes
  5928 | D:5      | Found a radiant altar of Vehumet.
  5935 | D:5      | Noticed Prince Ribbit
  5941 | D:5      | Slain by Prince Ribbit

Illustrated notes

Levels and vault maps discovered:
D:1:      arrival_aquarium_b, layout_basic
D:2:      layout_basic
D:3:      layout_rooms, lightli_temple_of_fire, lightli_sewer_entry_pipes,
          uniq_natasha
D:4:      layout_basic, tgw_sif, gammafunk_temple_overflow_statue, serial_shops,
          nicolae_shop_trees, uniq_ijyb
D:5:      layout_basic, vehumet_crystals, uniq_prince_ribbit1

Skill      XL: |  1  2  3  4  5  6  7 |
---------------+----------------------+-----
Poison Magic   | 4 5 |  5.5
Stealth        | 3 |  3.0
Short Blades   | 2 |  2.8
Air Magic      | 1 3 4 |  4.0
Spellcasting   | 3 |  3.8
Fighting       | 1 |  1.5
Dodging        | 3 |  3.0
Axes           | 1 |  1.0
Throwing       | |  0.4
Transmutations | |  1.3

Action                   |  1- 3 |  4- 6 |  7- 9 || total
-------------------------+-------+-------+-------++-------
Melee: Unarmed           |    13 |       |       ||    13
       Constrict         |    22 |    35 |     5 ||    62
       Tentacles         |    16 |    23 |     6 ||    45
       Dagger            |    75 |   154 |    27 ||   256
       War axe           |       |       |    17 ||    17
Throw: Dart              |       |     4 |     7 ||    11
 Cast: Sting             |     9 |     1 |       ||    10
       Poisonous Vapours |       |    31 |    17 ||    48
  Use: Potion            |       |       |     1 ||     1
 Stab: Sleeping          |     6 |    11 |     6 ||    23
       Distracted        |       |     1 |       ||     1
Armor: Skin              |     2 |    11 |     1 ||    14
Dodge: Dodged            |    44 |    87 |    24 ||   155

Table legend: (Time is in decaauts)
 A = Elapsed time spent in this place.
 B = Non-inter-level travel time spent in this place.
 C = Inter-level travel time spent in this place.
 D = Time resting spent in this place.
 E = Time spent auto-exploring this place.
 F = Levels seen in this place.
 G = Mean time per level.
                   A        B        C        D        E       F      G
               +--------+--------+--------+--------+--------+-----+--------+
         Total |   5907 |   5627 |    280 |    970 |   3643 |   5 | 1181.4 |
       Dungeon |   5907 |   5627 |    280 |    970 |   3643 |   5 | 1181.4 |
               +--------+--------+--------+--------+--------+-----+--------+

Top non-repeatable levels by time:
     D:3: 1711 daAuts
     D:4: 1401 daAuts
     D:1: 1249 daAuts
     D:2: 940 daAuts
     D:5: 605 daAuts
